 Dungeon Sprint DCSS version 0.17-a0-1719-g1afd5a1 (webtiles) character file.

14700000 ztt the Plane Walker (level 27, -84/273 HPs)
             Began as a Ghoul Warper on Aug 27, 2015.
             Was the Champion of Makhleb.
             Annihilated by a fleshlord
             ... wielding a +9 great mace
              (329 damage)
             ... in the Dungeon (Sprint VIII: "Arena of Blood").
             The game lasted 00:03:09 (147 turns).

ztt the Plane Walker (Ghoul Warper)                  Turns: 147, Time: 00:03:09

Health: -84/273    AC:  6    Str: 19    XL:     27
Magic:  39/53      EV: 32    Int:  8    God:    Makhleb [******]
Gold:   0          SH:  0    Dex: 17    Spells: 2 memorised, 77 levels left

rFire  . . .     SeeInvis +     l - +∞ Axe of Woe
rCold  + . .     Clarity  .     b - +0 leather armour
rNeg   + + +     SustAt   .     (no shield)
rPois  ∞         Gourm    .     (no helmet)
rElec  .         Spirit   .     (no cloak)
rCorr  .         Warding  .     (no gloves)
rMut   .         NoTele   +     (no boots)
MR     ++...                    (no amulet)
Stlth  +++++++++.               (no ring)
                                m - ring of see invisible

@: rotting, slowed, very slow, very resistant to hostile enchantments,
incredibly stealthy
A: rotting body, claws 1, carnivore 3, cold resistance 1, negative energy
resistance 3, slow healing 1, torment resistance, unbreathing
a: Minor Destruction, Lesser Servant of Makhleb, Major Destruction, Greater
Servant of Makhleb, Renounce Religion


You were in the Dungeon.
You worshipped Makhleb.
Makhleb was exalted by your worship.
You were not hungry.

You visited 1 branch

Inventory:

Hand weapons
 a - a +0 hand axe
 l - the +∞ Axe of Woe (weapon)
   (You found it in the Dungeon)
Missiles
 e - 5 tomahawks of dispersal (quivered)
Armour
 b - a +0 leather armour (worn)
Jewellery
 m - a ring of see invisible (left claw)
Scrolls
 d - 2 scrolls of blinking
Potions
 g - a potion of curing
 h - a potion of heal wounds
 i - a potion of haste
 j - 2 potions of magic
 k - a potion of berserk rage
Books
 c - a book of Spatial Translocations

   Spells                             Type                      Level
   a - Apportation                    Translocation                1
   b - Blink                          Translocation                2
   c - Shroud of Golubria             Charms/Translocation         2
   d - Portal Projectile              Translocation                3
   e - Teleport Other                 Translocation                3
   f - Passage of Golubria            Translocation                4
Comestibles
 f - a meat ration


   Skills:
 O Level 27 Fighting
 O Level 27 Axes
 O Level 27 Throwing
 O Level 27 Armour
 O Level 27 Dodging
 O Level 27 Stealth
 O Level 27 Unarmed Combat
 O Level 27 Spellcasting
 O Level 27 Translocations
 O Level 27 Invocations


You had 77 spell levels left.
You knew the following spells:

 Your Spells              Type           Power        Failure   Level  Hunger
a - Apportation           Tloc           ######....   0%          1    None
b - Blink                 Tloc           N/A          0%          2    None


Dungeon Overview and Level Annotations

Branches:
Dungeon (1/1)

Altars:
Makhleb


Innate Abilities, Weirdness & Mutations

Your body is rotting away.
You thrive on raw meat.
You are immune to poison.
You have sharp fingernails.
You are carnivorous and can eat meat at any time.
Your flesh is cold resistant.
You are immune to negative energy.
You heal slowly when monsters are visible.
You are immune to unholy pain and torment.
You can survive without breathing.


Message History

Unknown command.
Unknown command.
You slice the bag of meat!!
You slaughter the bag of meat joyfully.
You kill the bag of meat!
Makhleb accepts your kill.
You feel better.
You slash the fleshlord! You chop the fleshlord into pieces.
You kill the fleshlord!
Makhleb accepts your kill.
You feel better. ------------------------------------------------------------------------------ ------------------------------------------------------------------------------ -- The Meatlord has descended... -- ------------------------------------------------------------------------------ ------------------------------------------------------------------------------ You are engulfed in roaring flames.
You hear a shout! x2
The accursed points at you and mumbles some strange words.
Something smites you!
You hear a shout! x2
The small abomination is engulfed in roaring flames.
You hear a shout! x4
The fleshlord hits you with a +9 great mace!!!!!!
Ouch! That really hurt!
You die...

.......#)).. .....
............. #
p...#.#.#.......)). #.
....#W#........... #..##
...#.#.#........))
#..%.##o.o#.#.....#.M.).
#.%%..#oVo.W.oX....LX...
#....%§p##§OoWX.)##)#.).
#..§@§##)).x.M)X)X...
####..Wox§####§§..#..
####oM.))..§X...)x
####..)†.....))
####......). #########


You could see an accursed, a destroyer, a fleshlord, 2 wretched souls, a small
abomination and 5 bags of meat.

Vanquished Creatures
  3 hell knights (D)
  10 hell beasts (D)
  4 greater mummies (D)
  A great orb of eyes (D)
  4 wraiths (D)
  10 vampire knights (D)
  33 ogres (D)
  7 liches (D)
  2 hydras (D)
  44 orcs (D)
  6 phantoms (D)
  4 hill giants (D)
  4 skeletal warriors (D)
  2 sea snakes (D)
  4 large abominations (D)
  3 small abominations (D)
  A crawling corpse (D)
142 creatures vanquished.

Vanquished Creatures (others)
  A small abomination (D)
  2 crawling corpses (D)
3 creatures vanquished.

Grand Total: 145 creatures vanquished

Notes
Turn   | Place    | Note
--------------------------------------------------------------
     0 | D        | ztt the Ghoul Warper began the quest for the Orb.
     0 | D        | Reached XP level 1. HP: 17/17 MP: 2/2
     4 | D        | Became a worshipper of Makhleb the Destroyer
     5 | D        | Noticed a meat berserker
     6 | D        | Noticed a bag of meat
     7 | D        | Noticed a bag of meat
     8 | D        | Killed a meat berserker
     8 | D        | Reached skill level 12 in Fighting
     8 | D        | Reached skill level 20 in Translocations
     8 | D        | Reached XP level 2. HP: 20/42 MP: 2/14
     8 | D        | Reached XP level 3. HP: 23/49 MP: 2/15
     8 | D        | Reached XP level 4. HP: 26/57 MP: 2/17
     8 | D        | Reached XP level 5. HP: 28/63 MP: 2/18
     8 | D        | Reached XP level 6. HP: 31/71 MP: 2/20
     8 | D        | Reached XP level 7. HP: 34/78 MP: 2/21
     8 | D        | Reached XP level 8. HP: 37/85 MP: 2/23
     8 | D        | Reached XP level 9. HP: 40/92 MP: 2/24
     8 | D        | Reached XP level 10. HP: 43/100 MP: 2/25
     8 | D        | Reached XP level 11. HP: 45/105 MP: 2/26
     8 | D        | Reached XP level 12. HP: 48/113 MP: 2/27
     8 | D        | Reached XP level 13. HP: 50/119 MP: 2/28
     9 | D        | Noticed a bag of meat
     9 | D        | Noticed a meat berserker
     9 | D        | Noticed a bag of meat
     9 | D        | Noticed a bag of meat
     9 | D        | Noticed a bag of meat
     9 | D        | Noticed a bag of meat
    10 | D        | Noticed a bag of meat
    10 | D        | Noticed a bag of meat
    10 | D        | Noticed a bag of meat
    10 | D        | Noticed a meat berserker
    10 | D        | Killed a bag of meat
    10 | D        | Acquired Makhleb's first power
    10 | D        | Reached skill level 22 in Translocations
    10 | D        | Reached XP level 14. HP: 52/130 MP: 2/30
    11 | D        | Noticed a meat berserker
    11 | D        | Noticed a bag of meat
    11 | D        | Noticed a meat berserker
    11 | D        | Noticed a bag of meat
    11 | D        | Noticed a meat berserker
    13 | D        | Killed a meat berserker
    13 | D        | Reached skill level 15 in Fighting
    13 | D        | Reached skill level 5 in Throwing
    13 | D        | Reached skill level 24 in Translocations
    13 | D        | Reached XP level 15. HP: 55/143 MP: 3/32
    13 | D        | Killed a meat berserker
    13 | D        | Acquired Makhleb's second power
    13 | D        | Reached skill level 15 in Axes
    13 | D        | Reached skill level 15 in Spellcasting
    13 | D        | Reached skill level 26 in Translocations
    13 | D        | Reached XP level 16. HP: 140/155 MP: 3/34
    13 | D        | Killed a meat berserker
    13 | D        | Reached skill level 5 in Armour
    13 | D        | Reached skill level 15 in Dodging
    13 | D        | Reached skill level 27 in Translocations
    13 | D        | Noticed a bag of meat
    14 | D        | Killed a meat berserker
    14 | D        | Acquired Makhleb's third power
    14 | D        | Reached XP level 17. HP: 166/173 MP: 3/39
    14 | D        | Killed a bag of meat
    15 | D        | Noticed a bag of meat
    15 | D        | Killed a bag of meat
    15 | D        | Acquired Makhleb's fourth power
    15 | D        | Reached XP level 18. HP: 184/187 MP: 4/41
    15 | D        | Killed a bag of meat
    15 | D        | Reached skill level 10 in Armour
    15 | D        | Killed a bag of meat
    16 | D        | Killed a bag of meat
    16 | D        | Killed a bag of meat
    16 | D        | Acquired Makhleb's fifth power
    16 | D        | Reached XP level 19. HP: 201/204 MP: 4/44
    17 | D        | Noticed a meat berserker
    17 | D        | Noticed a bag of meat
    18 | D        | Noticed a meat berserker
    18 | D        | Killed a bag of meat
    18 | D        | Reached skill level 10 in Throwing
    18 | D        | Killed a bag of meat
    18 | D        | Reached skill level 27 in Fighting
    18 | D        | Killed a meat berserker
    18 | D        | Reached skill level 27 in Axes
    19 | D        | Noticed a bag of meat
    19 | D        | Noticed a bag of meat
    19 | D        | Noticed a bag of meat
    20 | D        | Noticed a bag of meat
    20 | D        | Noticed a destroyer
    20 | D        | Killed a bag of meat
    20 | D        | Reached skill level 15 in Armour
    20 | D        | Reached XP level 20. HP: 216/216 MP: 5/48
    20 | D        | Killed a bag of meat
    20 | D        | Killed a bag of meat
    21 | D        | Noticed a bag of meat
    21 | D        | Killed a meat berserker
    21 | D        | Reached skill level 27 in Spellcasting
    21 | D        | Reached XP level 21. HP: 224/224 MP: 5/51
    21 | D        | Killed a bag of meat
    21 | D        | Reached skill level 27 in Dodging
    21 | D        | Reached skill level 10 in Stealth
    23 | D        | Noticed a meat berserker
    23 | D        | Killed a meat berserker
    24 | D        | Noticed a bag of meat
    24 | D        | Noticed a destroyer
    24 | D        | Killed a bag of meat
    24 | D        | Killed a bag of meat
    24 | D        | Reached skill level 15 in Stealth
    26 | D        | Noticed a meat berserker
    26 | D        | Killed a destroyer
    26 | D        | Reached skill level 27 in Armour
    26 | D        | Reached XP level 22. HP: 115/233 MP: 6/52
    26 | D        | Killed a bag of meat
    26 | D        | Killed a bag of meat
    27 | D        | Killed a bag of meat
    27 | D        | Reached skill level 27 in Throwing
    27 | D        | Killed a bag of meat
    27 | D        | Reached skill level 27 in Stealth
    27 | D        | Reached XP level 23. HP: 240/240 MP: 7/53
    29 | D        | Noticed a large bag of meat
    31 | D        | Noticed a sculptor of flesh
    31 | D        | Noticed a sculptor of flesh
    32 | D        | Killed a bag of meat
    32 | D        | Killed a destroyer
    33 | D        | Killed a meat berserker
    34 | D        | Noticed a bag of meat
    34 | D        | Noticed a destroyer
    36 | D        | Noticed a sculptor of flesh
    37 | D        | Killed a meat berserker
    37 | D        | Reached XP level 24. HP: 249/249 MP: 9/53
    37 | D        | Reached skill level 27 in Unarmed Combat
    37 | D        | Reached skill level 27 in Invocations
    37 | D        | Killed a destroyer
    38 | D        | Killed a sculptor of flesh
    39 | D        | Killed a sculptor of flesh
    40 | D        | Noticed a meat berserker
    45 | D        | Noticed a tyrant
    45 | D        | Killed a meat berserker
    45 | D        | Reached XP level 25. HP: 257/257 MP: 11/53
    47 | D        | Noticed a bag of meat
    47 | D        | Noticed a meat berserker
    49 | D        | Killed a meat berserker
    50 | D        | Killed a large bag of meat
    51 | D        | Killed a bag of meat
    53 | D        | Killed a sculptor of flesh
    54 | D        | Noticed a meat berserker
    57 | D        | Noticed a tyrant
    57 | D        | Killed a bag of meat
    58 | D        | Killed a bag of meat
    58 | D        | Reached XP level 26. HP: 266/266 MP: 14/53
    59 | D        | Killed a meat berserker
    60 | D        | Noticed a meat berserker
    60 | D        | Noticed a dread
    60 | D        | Killed a tyrant
    60 | D        | Killed a dread
    60 | D        | Reached XP level 27. HP: 273/273 MP: 15/53
    62 | D        | Noticed a meat berserker
    62 | D        | Noticed a meat berserker
    63 | D        | Noticed a tyrant
    65 | D        | Noticed an accursed
    65 | D        | Killed a meat berserker
    66 | D        | Killed a meat berserker
    66 | D        | Killed a meat berserker
    67 | D        | Noticed a bag of meat
    67 | D        | Noticed an accursed
    67 | D        | Killed a tyrant
    68 | D        | Noticed a meat beast
    69 | D        | Noticed a bag of meat
    69 | D        | Noticed a meat beast
    69 | D        | Noticed a meat berserker
    71 | D        | Killed a meat berserker
    72 | D        | Killed a tyrant
    73 | D        | Noticed a meat beast
    73 | D        | Killed a meat beast
    74 | D        | Noticed a dread
    74 | D        | Killed a bag of meat
    74 | D        | Killed a meat beast
    76 | D        | Noticed a meat beast
    76 | D        | Killed an accursed
    77 | D        | Killed a meat beast
    78 | D        | Killed a dread
    78 | D        | Killed an accursed
    78 | D        | Killed a bag of meat
    79 | D        | Killed a meat beast
    81 | D        | Noticed a meat beast
    85 | D        | Killed a meat beast
    88 | D        | Noticed a wretched soul
    89 | D        | Learned a level 2 spell: Blink
    90 | D        | Noticed a meat berserker
    90 | D        | Noticed a meat berserker
    90 | D        | Noticed a bag of meat
    90 | D        | Noticed a destroyer
    90 | D        | Noticed a wretched soul
    91 | D        | Noticed a bag of meat
    92 | D        | Noticed a bag of meat
    92 | D        | Noticed a bag of meat
    92 | D        | Noticed a meat berserker
    92 | D        | Noticed a bag of meat
    92 | D        | Noticed a meat berserker
    92 | D        | Noticed a wretched soul
    92 | D        | Noticed a tyrant
    93 | D        | Noticed a destroyer
    93 | D        | Noticed a destroyer
    93 | D        | Noticed a sculptor of flesh
    94 | D        | Noticed a bag of meat
    94 | D        | Noticed a meat beast
    94 | D        | Killed a meat berserker
    95 | D        | Noticed a meat berserker
    95 | D        | Killed a meat berserker
    96 | D        | Noticed a meat berserker
    96 | D        | Noticed a tyrant
    96 | D        | Killed a meat berserker
    97 | D        | Noticed a large bag of meat
    97 | D        | Killed a destroyer
    98 | D        | Noticed a meat beast
    98 | D        | Noticed a meat beast
    98 | D        | Killed a meat beast
    98 | D        | Killed a meat berserker
    99 | D        | Noticed a bag of meat
    99 | D        | Killed a destroyer
   100 | D        | Noticed a bag of meat
   100 | D        | Noticed a meat berserker
   100 | D        | Noticed a bag of meat
   100 | D        | Noticed an accursed
   101 | D        | Noticed a meat berserker
   101 | D        | Noticed a meat beast
   101 | D        | Noticed a meat berserker
   101 | D        | Killed a meat berserker
   101 | D        | Killed a bag of meat
   102 | D        | Noticed a meat berserker
   102 | D        | Noticed an observer
   102 | D        | Killed a meat beast
   102 | D        | Killed a meat beast
   103 | D        | Killed a bag of meat
   103 | D        | Killed a destroyer
   103 | D        | Killed a wretched soul
   104 | D        | Noticed an accursed
   104 | D        | Killed a meat berserker
   105 | D        | Noticed a destroyer
   105 | D        | Noticed a destroyer
   105 | D        | Noticed a dread
   105 | D        | Killed a meat berserker
   106 | D        | Noticed a wretched soul
   106 | D        | Killed a meat beast
   106 | D        | Killed a wretched soul
   107 | D        | Killed a destroyer
   108 | D        | Noticed a meat berserker
   108 | D        | Noticed a wretched soul
   108 | D        | Killed a tyrant
   109 | D        | Noticed a meat berserker
   109 | D        | Killed a meat berserker
   109 | D        | Killed an observer
   110 | D        | Noticed a bag of meat
   110 | D        | Noticed a bag of meat
   110 | D        | Killed a meat berserker
   111 | D        | Noticed a bag of meat
   111 | D        | Noticed an accursed
   113 | D        | Killed a sculptor of flesh
   113 | D        | Killed a destroyer
   114 | D        | Killed a large bag of meat
   114 | D        | Killed a meat berserker
   115 | D        | Noticed a bag of meat
   116 | D        | Noticed a bag of meat
   116 | D        | Noticed a tyrant
   117 | D        | Killed an accursed
   118 | D        | Noticed a bag of meat
   118 | D        | Noticed a bag of meat
   118 | D        | Noticed a meat berserker
   118 | D        | Noticed a meat beast
   119 | D        | Noticed a large bag of meat
   119 | D        | Noticed a bag of meat
   119 | D        | Noticed a wretched soul
   119 | D        | Killed an accursed
   120 | D        | Noticed a bag of meat
   120 | D        | Killed a dread
   121 | D        | Killed a meat berserker
   122 | D        | Noticed a bag of meat
   123 | D        | Noticed a meat berserker
   123 | D        | Killed a meat berserker
   123 | D        | Killed a tyrant
   124 | D        | Killed a bag of meat
   125 | D        | Noticed a bag of meat
   125 | D        | Noticed a dread
   125 | D        | Noticed a destroyer
   126 | D        | Noticed a meat berserker
   127 | D        | Noticed a bag of meat
   127 | D        | Killed a meat berserker
   127 | D        | Killed a bag of meat
   127 | D        | Killed a meat beast
   128 | D        | Noticed a bag of meat
   128 | D        | Noticed a fleshlord
   129 | D        | Noticed a bag of meat
   129 | D        | Noticed a tyrant
   129 | D        | Noticed a destroyer
   129 | D        | Noticed a fleshlord
   129 | D        | Killed a bag of meat
   129 | D        | Killed a wretched soul
   129 | D        | Killed a wretched soul
   130 | D        | Noticed a large bag of meat
   130 | D        | Killed a bag of meat
   130 | D        | Killed a bag of meat
   130 | D        | Killed a bag of meat
   131 | D        | Noticed a bag of meat
   132 | D        | Killed a bag of meat
   132 | D        | Killed a destroyer
   132 | D        | Killed a large bag of meat
   132 | D        | Killed a bag of meat
   133 | D        | Killed a bag of meat
   133 | D        | Killed a meat berserker
   136 | D        | Noticed a fleshlord
   136 | D        | Noticed a bag of meat
   136 | D        | Noticed a wretched soul
   136 | D        | Noticed a bag of meat
   137 | D        | Noticed a bag of meat
   137 | D        | Killed a large bag of meat
   138 | D        | Killed a destroyer
   138 | D        | Killed a fleshlord
   138 | D        | Killed a tyrant
   139 | D        | Killed a wretched soul
   140 | D        | Noticed a meat berserker
   140 | D        | Noticed a fleshlord
   140 | D        | Noticed a destroyer
   140 | D        | Killed a bag of meat
   140 | D        | Killed a meat berserker
   140 | D        | Killed a bag of meat
   141 | D        | Killed a dread
   141 | D        | Killed a tyrant
   142 | D        | Killed a bag of meat
   142 | D        | Killed a bag of meat
   143 | D        | Killed a bag of meat
   144 | D        | Killed a bag of meat
   144 | D        | Killed a fleshlord
   145 | D        | Killed a wretched soul
   145 | D        | Killed a bag of meat
   146 | D        | Killed a meat berserker
   147 | D        | Killed a bag of meat
   147 | D        | Killed a fleshlord
   147 | D        | Annihilated by a fleshlord

Vault maps used:
D:        meatsprint

Action                   |  1- 3 |  4- 6 |  7- 9 | 10-12 | 13-15 | 16-18 | 19-21 | 22-24 | 25-27 || total
-------------------------+-------+-------+-------+-------+-------+-------+-------+-------+-------++-------
Melee: Executioner's axe |     1 |       |       |       |     2 |     3 |     6 |     7 |    66 ||    85
 Cast: Apportation       |       |       |       |       |       |       |       |     1 |       ||     1
